 Dungeon Crawl Stone Soup version 0.29.1-13-g9f3cf754e1 (console) character file.

Game seed: 7589771521062965451

24733 om the Thaumaturge (level 13, -10/96 HPs)
             Began as a Djinni Fire Elementalist on Jan 24, 2023.
             Was a Priest of Makhleb.
             Mangled by a death yak simulacrum (18 damage)
             ... animated by a necromancer
             ... in a Gauntlet.
             The game lasted 00:59:27 (13066 turns).

om the Thaumaturge (Djinni Fire Elementalist)      Turns: 13066, Time: 00:59:28

Health: -10/96     AC:  6    Str:  7    XL:     13   Next: 45%
Gold:   907        EV: 13    Int: 25    God:    Makhleb [***...] SH:  0 Dex: 13

rFire   + + +      SeeInvis .   b - staff of fire
rCold   + . .      Faith    .   (no shield)
rNeg    . . .      Spirit   .   L - +0 troll leather armour
rPois   ∞          Reflect  .   (no helmet)
rElec   +          Harm     .   B - +0 cloak
rCorr   .          Rampage  .   (no gloves)
Will    +++..      NoTele   +   (boots unavailable)
Stlth   +++.......              h - amulet of regeneration
HPRegen 1.86/turn               N - ring "Baywai" {rElec rF++ rC+ Int-2}
MPRegen 0.00/turn               J - ring of Xyclyiwe {Ice Will++ Int+4 Stlth+}

@: flying
A: sickness immunity, fire resistance 2, cold vulnerability 1, float, innate
caster, HP casting, extra vitality 1
a: Renounce Religion, Minor Destruction, Lesser Servant of Makhleb


You were in a Gauntlet.
You worshipped Makhleb.
Makhleb was most pleased with you.
You visited 3 branches of the dungeon, and saw 13 of its levels.
You also visited: Gauntlet.

You collected 907 gold pieces.

Inventory:

Hand Weapons
 a - a +1 demon whip of venom
 e - a +0 dagger of flaming
 z - a +2 long sword of flaming
 G - a +1 dagger of venom
Armour
 i - a +2 robe of resistance
 n - a +1 animal skin
 o - a +0 ring mail
 v - +0 steam dragon scales
 w - a +0 robe
 B - a +0 cloak (worn)
 K - a +2 tower shield
 L - a +0 troll leather armour (worn)
Magical Staves
 b - a staff of fire (weapon)
 I - a staff of earth
Jewellery
 h - an amulet of regeneration (around neck)
 k - a ring of protection from cold
 l - a +4 ring of slaying
 q - a +4 ring of slaying
 J - the ring of Xyclyiwe (right hand) {Ice Will++ Int+4 Stlth+}
   (You took it off an ogre mage on level 11 of the Dungeon)

   [ring of ice]

   It enhances your ice magic.
   Int:       It affects your intelligence (+4).
   rF:        It makes you vulnerable to fire.
   rC:        It protects you from cold.
   Will:      It greatly increases your willpower.
   Stlth:     It makes you more stealthy.
 M - a +6 ring of strength
 N - the ring "Baywai" (left hand) {rElec rF++ rC+ Int-2}
   (You took it off a deep elf pyromancer on level 11 of the Dungeon)

   [ring of protection from cold]

   Int:       It affects your intelligence (-2).
   rF:        It greatly protects you from fire.
   rC:        It protects you from cold.
   rElec:     It insulates you from electricity.
 O - the amulet "Goun" {Spirit rElec rN++}
   (You took it off a deep elf pyromancer on level 11 of the Dungeon)

   [amulet of guardian spirit]

   It causes incoming damage to be divided between your reserves of health and
   magic.
   rElec:     It insulates you from electricity.
   rN:        It greatly protects you from negative energy.
 P - the amulet "Oseivan" {Spirit Fly}
   (You found it on level 11 of the Dungeon)

   [amulet of guardian spirit]

   It causes incoming damage to be divided between your reserves of health and
   magic.
   Fly:       It grants you flight.
Wands
 t - a wand of paralysis (8)
 C - a wand of polymorph (2)
 E - a wand of iceblast (6)
Scrolls
 m - a scroll of vulnerability
 p - a scroll of brand weapon
 r - 2 scrolls of enchant armour
 u - a scroll of enchant weapon
 y - 7 scrolls of teleportation
 A - a scroll of summoning {unknown}
Potions
 c - 2 potions of lignification
 f - 2 potions of curing
 g - 4 potions of berserk rage
 j - a potion of brilliance
 s - 2 potions of resistance
 x - 2 potions of might
 D - a potion of invisibility
 F - a potion of haste
Miscellaneous
 H - a box of beasts


   Skills:
 - Level 10.2 Fighting
 - Level 7.0 Staves
 - Level 5.1 Armour
 - Level 5.0 Dodging
 - Level 3.0 Stealth
 + Level 12.1 Spellcasting
 - Level 4.0 Invocations
 - Level 4.0 Evocations


You had 5 spell levels left.
You knew the following spells:

 Your Spells              Type           Power      Damage    Failure   Level
a - Foxfire               Conj/Fire      100%       2x1d9     1%          1
b - Scorch                Fire           100%       2d10      1%          2
c - Conjure Flame         Conj/Fire      85%        6-21      1%          3
d - Inner Flame           Hex/Fire       85%        N/A       1%          3
e - Flame Wave            Conj/Fire      85%        2d18      1%          4
f - Shock                 Conj/Air       100%       1d9       1%          1
g - Poisonous Vapours     Pois/Air       100%       N/A       1%          2
h - Stone Arrow           Conj/Erth      100%       3d13      1%          3
i - Teleport Other        Tloc           66%        N/A       1%          3
j - Fulminant Prism       Conj/Hex       33%        3d16      1%          4
k - Metabolic Englaciati  Hex/Ice        42%        N/A       1%          5
Your spell library was empty.

Dungeon Overview and Level Annotations

Branches:
Dungeon (11/15)            Temple (1/1) D:6            Lair (1/5) D:9
    Orc (0/2) D:10        Gauntlet (1/1)

Altars:
Ashenzari
Dithmenos
Elyvilon
Fedhas
Gozag
Hepliaklqana
Makhleb
Nemelex Xobeh
Okawaru
Qazlal
Ru
Uskayaw
Wu Jian
Xom
Yredelemnul
Zin
The Shining One

Annotations:
D:11 exclusion: obsidian statue Gauntlet 9 transporters, exclusion: obsidian statue


Innate Abilities, Weirdness & Mutations

You are immune to sickness and miasma.
You are immune to poison.
Your flesh is very heat resistant. (rF++)
You are vulnerable to cold. (rC-)
You float through the air rather than walking.
You learn spells naturally, not from books.
Your magical power is your life essence.
You have superior vitality. (+4 MHP)


Message History

(Press . to intensify the flame waves.)
The death yak gores you!!
The necromancer mumbles some strange words.
The necromancer binds the souls of nearby monsters.
The death yak gores you!! The death yak gores you!
* * * LOW HITPOINT WARNING * * *
A wave of flame ripples out!
The flame wave engulfs the death yak!!
You kill the death yak!
Makhleb accepts your kill.
The flame wave engulfs the death yak!
You kill the death yak!
Makhleb accepts your kill.
The flame wave engulfs the death yak.
The death yak is severely wounded.
The flame wave engulfs the death yak!
The death yak is lightly wounded.
The flame wave engulfs the necromancer!!
You kill the necromancer!
Makhleb accepts your kill.
* * * LOW HITPOINT WARNING * * *
A freezing mist starts to gather... x2 2 death yak simulacra come into view.
The death yak gores you!
* * * LOW HITPOINT WARNING * * *
The death yak gores you.
* * * LOW HITPOINT WARNING * * *
Your Spellcasting skill increases to level 12!
Okay, then.
Okay, then.
Okay, then.
Okay, then.
Okay, then.
Okay, then.
As you read the scroll of fear, it crumbles to dust.
You assume a fearsome visage.
The death yak simulacrum is unaffected.
The death yak resists with almost no effort.
The death yak simulacrum is unaffected.
The death yak looks frightened!
The death yak misses you. The death yak simulacrum gores you!!
You die...

....8................§........8..
...........8.....8.....8.........
##########...............########
..?"©[...#...#########...#Y.?.©$=
.^##8##^.#...#.$.p[###...#Y......
.##^^^##.#...#.###[###...#.######
^#.....#.#...#.##.Z#.#...#.#.#.#.
.... ....#.8.#.)Z©Y..#.8.#....©..
.#.. ..#^#...#.#@.##.#...##.#.#.#
.##. .##.#...###Y###.#...#.######
.^##.##^.#...###.....#...#.......
.........#...#########...#Y......
##########.....#.©.#.....########
..#.©.#........#...#........#.©.#
..#.8.#...8....#.©.#....8...#.8.#
..#.©.#.....###########.....#.©.#
#########...#...=©....#...#######


You could see 2 death yaks and 2 death yak simulacra.

Vanquished Creatures
  2 boulder beetles (D:11)
  A hydra (D:11)
  An ogre mage (D:11)
  3 two-headed ogres
  2 centaur warriors (D:11)
  A tengu warrior (D:11)
  2 death yaks (Gauntlet)
  Amaemon (D:10)
  4 sixfirhies (Gauntlet)
  3 skeletal warriors (D:11)
  A necromancer (Gauntlet)
  2 deep elf pyromancers (D:11)
  An ugly thing (D:11)
  An elephant (D:9)
  An orange demon (D:10)
  2 gargoyles
  An unseen horror (D:11)
  Maggie (D:7)
  A kobold demonologist (D:9)
  A tengu conjurer (D:11)
  5 trolls
  A wyvern (shapeshifter) (D:11)
  A wyvern (D:9)
  A shadow (D:11)
  A wraith (D:9)
  18 yaks
  3 steam dragons
  5 vampire mosquitoes (D:11)
  A warg (D:10)
  2 acid dragons
  A water moccasin (D:6)
  4 black bears
  3 orc warriors
  An ice beast (D:7)
  4 sky beasts (D:7)
  2 ogres (D:4)
  6 centaurs
  3 phantoms
  A kobold brigand (D:10)
  A gnoll sergeant (D:9)
  3 bullfrogs
  5 scorpions
  A necrophage (D:6)
  6 howler monkeys
  3 hounds
  A jelly (D:4)
  7 orc priests
  16 orc wizards
  3 iguanas
  Robin (D:2)
  8 gnolls
  5 adders
  A shadow imp (D:6)
  An ufetubus (D:6)
  3 dart slugs
  38 orcs
  10 endoplasms
  2 giant cockroaches
  15 goblins
  12 hobgoblins
  2 jackals (D:3)
  13 kobolds
  3 quokkas
  8 ball pythons
  9 bats
  2 frilled lizards (D:1)
  10 rats
284 creatures vanquished.

Vanquished Creatures (others)
  An orc wizard (D:5)
  397 foxfires
  9 fulminant prisms
  A fungus (Gauntlet)
  4 plants
  4 toadstools (D:1)
416 creatures vanquished.

Grand Total: 700 creatures vanquished

Notes
Turn   | Place    | Note
-------+----------+-------------------------------------------
     0 | D:1      | om the Djinni Fire Elementalist began the quest for the
                  | Orb.
     0 | D:1      | om set off with the following spells memorised: Foxfire,
                  | Scorch, Conjure Flame, Inner Flame, Flame Wave.
     0 | D:1      | Reached XP level 1. HP: 15/15 MP: 0/0
   229 | D:1      | Reached XP level 2. HP: 20/21 MP: 0/0
   519 | D:1      | Reached skill level 3 in Spellcasting
   519 | D:1      | Reached XP level 3. HP: 19/25 MP: 0/0
   519 | D:1      | Learned a level 1 spell: Shock
  1128 | D:2      | Reached XP level 4. HP: 31/31 MP: 0/0
  1363 | D:2      | Found a stormy altar of Qazlal.
  1489 | D:2      | Noticed Robin
  1511 | D:2      | Killed Robin
  1512 | D:2      | Reached XP level 5. HP: 24/35 MP: 0/0
  1512 | D:2      | Learned a level 2 spell: Poisonous Vapours
  1633 | D:2      | Reached skill level 4 in Spellcasting
  1895 | D:3      | Found a faded altar of an unknown god.
  2550 | D:3      | Reached skill level 1 in Fighting
  2550 | D:3      | Reached XP level 6. HP: 41/42 MP: 0/0
  3029 | D:3      | Found a faded altar of an unknown god.
  3111 | D:3      | Reached skill level 1 in Armour
  3416 | D:4      | Noticed an ogre
  3587 | D:4      | Killed an ogre
  3588 | D:4      | Reached XP level 7. HP: 44/47 MP: 0/0
  3588 | D:4      | Learned a level 3 spell: Stone Arrow
  3959 | D:4      | Reached skill level 5 in Spellcasting
  3959 | D:4      | Reached XP level 8. HP: 54/55 MP: 0/0
  4104 | D:4      | Found a glowing silver altar of Zin.
  4105 | D:4      | Found a stormy altar of Qazlal.
  4178 | D:5      | Entered Level 5 of the Dungeon
  4974 | D:6      | Reached skill level 1 in Evocations
  5136 | D:6      | Reached XP level 9. HP: 61/61 MP: 0/0
  5136 | D:6      | Learned a level 3 spell: Teleport Other
  5174 | D:6      | Found a staircase to the Ecumenical Temple.
  5207 | D:6      | Reached skill level 5 in Armour
  5207 | D:6      | Reached skill level 5 in Dodging
  5212 | Temple   | Entered the Ecumenical Temple
  5246 | Temple   | Became a worshipper of Makhleb the Destroyer
  5394 | D:6      | Reached skill level 1 in Staves
  5394 | D:6      | Reached skill level 6 in Spellcasting
  5949 | D:6      | Found a staircase to the Ecumenical Temple.
  6146 | D:7      | Noticed Maggie
  6155 | D:7      | Killed Maggie
  6759 | D:7      | Reached XP level 10. HP: 68/69 MP: 0/0
  6955 | D:7      | Reached skill level 5 in Fighting
  7281 | D:7      | Found a hazy altar of Hepliaklqana.
  7412 | D:8      | Reached skill level 5 in Staves
  7561 | D:8      | Found a glowing golden altar of the Shining One.
  7569 | D:8      | Found a sacrificial altar of Ru.
  7571 | D:8      | Found a faded altar of an unknown god.
  7573 | D:8      | Found a broken altar of Ashenzari.
  7656 | D:8      | Found a white marble altar of Elyvilon.
  7810 | D:8      | Found a basalt altar of Yredelemnul.
  7939 | D:8      | Found a blossoming altar of Fedhas.
  8045 | D:8      | Reached * piety under Makhleb
  8169 | D:9      | Noticed a two-headed ogre
  8474 | D:9      | Killed a two-headed ogre
  8501 | D:9      | Noticed a two-headed ogre
  8687 | D:9      | Noticed an elephant
  8745 | D:9      | Killed an elephant
  8809 | D:9      | Found an ornate altar of the Wu Jian Council.
  8953 | D:9      | Found a staircase to the Lair.
  9191 | D:10     | Entered Level 10 of the Dungeon
  9219 | D:10     | Found a staircase to the Orcish Mines.
  9328 | D:10     | Noticed a kobold demonologist
  9334 | D:10     | Noticed a sixfirhy
  9336 | D:10     | Noticed a soul eater
  9368 | D:9      | Killed a two-headed ogre
  9369 | D:9      | Reached XP level 11. HP: 15/84 MP: 0/0
  9369 | D:9      | Learned a level 4 spell: Fulminant Prism
  9748 | D:10     | Reached skill level 10 in Fighting
  9947 | D:10     | Reached ** piety under Makhleb
  9987 | D:10     | Noticed Amaemon
 10002 | D:10     | Killed Amaemon
 10003 | D:10     | Reached skill level 7 in Spellcasting
 10620 | D:11     | Noticed a two-headed ogre
 10633 | D:11     | Killed a two-headed ogre
 10642 | D:11     | Reached skill level 8 in Spellcasting
 10663 | D:11     | Identified the +5 ring mail of the Jabberwock {+Inv Will+
                  | Int-5}
 11075 | D:11     | Reached XP level 12. HP: 90/91 MP: 0/0
 11184 | D:11     | Reached skill level 9 in Spellcasting
 11327 | D:11     | Noticed a centaur warrior
 11525 | D:11     | Reached *** piety under Makhleb
 11555 | D:11     | Noticed a skeletal warrior
 11555 | D:11     | Noticed a skeletal warrior
 11555 | D:11     | Noticed a skeletal warrior
 11575 | D:11     | Killed a skeletal warrior
 11578 | D:11     | Killed a skeletal warrior
 11579 | D:11     | Reached skill level 10 in Spellcasting
 11582 | D:11     | Killed a skeletal warrior
 12072 | D:11     | Killed a centaur warrior
 12073 | D:11     | Reached skill level 1 in Invocations
 12174 | D:11     | Noticed a seven-headed hydra
 12211 | D:11     | Killed a seven-headed hydra
 12267 | D:11     | Noticed a centaur warrior
 12267 | D:11     | Noticed a boulder beetle
 12279 | D:11     | Noticed a tengu warrior
 12286 | D:11     | Killed a boulder beetle
 12288 | D:11     | Identified the ring "Baywai" {rElec rF++ rC+ Int-2}
 12289 | D:11     | Identified the amulet "Goun" {Spirit rElec rN++}
 12295 | D:11     | Killed a tengu warrior
 12296 | D:11     | Killed a centaur warrior
 12297 | D:11     | Reached XP level 13. HP: 45/96 MP: 0/0
 12297 | D:11     | Learned a level 5 spell: Metabolic Englaciation
 12305 | D:11     | Identified the ring of Xyclyiwe {Ice Will++ Int+4 Stlth+}
 12305 | D:11     | Noticed an ogre mage
 12344 | D:11     | Killed an ogre mage
 12345 | D:11     | Reached skill level 11 in Spellcasting
 12476 | D:11     | Noticed a boulder beetle
 12483 | D:11     | Killed a boulder beetle
 12497 | D:11     | Identified the amulet "Oseivan" {Spirit Fly}
 12633 | Lair:1   | Entered Level 1 of the Lair of Beasts
 12636 | Lair:1   | Found a gate leading to a gauntlet.
 12646 | Gauntlet | Entered a Gauntlet
 12646 | Gauntlet | Found a transporter.
 12655 | Gauntlet | Found a transporter.
 12672 | Gauntlet | Found a transporter.
 12676 | Gauntlet | Found a transporter.
 12697 | Gauntlet | Found a transporter.
 12710 | Gauntlet | Found a transporter.
 12724 | Gauntlet | Found a transporter.
 12729 | Gauntlet | Noticed a dire elephant
 12751 | Gauntlet | Found a transporter.
 12751 | Gauntlet | Found a transporter.
 12757 | Gauntlet | Found a transporter.
 12790 | Gauntlet | Found a transporter.
 12790 | Gauntlet | Found a transporter.
 13065 | Gauntlet | Reached skill level 12 in Spellcasting
 13066 | Gauntlet | Mangled by a death yak simulacrum

Illustrated notes

Levels and vault maps discovered:
D:1:      ldierk_walled_garden_2, layout_basic, dk_noncrumbling_4
D:2:      layout_loops_ring, basic_altar, uniq_robin
D:3:      layout_basic, basic_ecumenical_altar
D:4:      layout_rooms, gammafunk_temple_overflow_statue, minmay_cut_off
D:5:      layout_loops_cross
D:6:      layout_cave_pools, minmay_temple_entry_junction
D:7:      layout_gridville, nicolae_hepliaklqana_hippocampus, uniq_maggie
D:8:      layout_basic, kennysheep_ying_yang, mainiacjoe_overflow_boulevard,
          mainiacjoe_overflow_tiny_flanked, chequers_temple_overflow_minitemple
D:9:      layout_rooms, nicolae_wu_jian_wuxing_cycle, david_lair_generic,
          nicolae_sextant, hangedman_abyss_or_decor_stabs,
          nicolae_concentric_dashed_squares_wild
D:10:     layout_grid_maze, david_orc_3, uniq_amaemon
D:11:     minmay_the_grid_triangle_9x9_rhombus_thin
          [minmay_the_grid_triangle_9x9_stretched_checkered,
          minmay_the_grid_triangle_9x9_prize_special,
          minmay_the_grid_triangle_9x9_sparse_checkered,
          minmay_the_grid_triangle_9x9_zippers_horizontal], layout_loops_ring,
          minmay_liquid_box, minmay_misc_feat_more_columns,
          minmay_protected_statue
Temple:   compressed_dpeg_circular_temple
Lair:1:   layout_gridlike, gauntlet_entry_generic
Gauntlet: minmay_gauntlet_mixed_oops_all_seconds
          [minmay_gauntlet_arena_77_two_lines,
          gammafunk_gauntlet_arena_chambers, minmay_gauntlet_arena_77_museum,
          gammafunk_gauntlet_arena_teeth, minmay_gauntlet_arena_77_p_blocks,
          gammafunk_gauntlet_arena_split_diamond,
          nicolae_gauntlet_exit_dead_adventurers]

Skill      XL: |  1  2  3  4  5  6  7  8  9 10 11 12 13 |
---------------+----------------------------------------+-----
Spellcasting   | 3 4 5 6 8 10 12 | 12.1
Stealth        | 2 3 |  3.0
Dodging        | 3 4 5 |  5.0
Fighting       | 1 2 3 4 9 10 | 10.2
Armour         | 1 3 4 5 |  5.1
Evocations     | 1 3 4 |  4.0
Staves         | 4 6 7 |  7.0
Invocations    | 4 |  4.0

Action                   |  1- 3 |  4- 6 |  7- 9 | 10-12 | 13-15 || total
-------------------------+-------+-------+-------+-------+-------++-------
Melee: Dagger            |     9 |    45 |     1 |       |       ||    55
       Punch             |       |     2 |     1 |     3 |       ||     6
       Whip              |       |    42 |    27 |       |       ||    69
       Staff             |       |       |    51 |    98 |       ||   149
       Demon whip        |       |       |       |     6 |       ||     6
 Cast: Foxfire           |    50 |    70 |    72 |    47 |       ||   239
       Scorch            |     2 |    27 |    45 |   156 |     7 ||   237
       Shock             |       |     2 |       |       |       ||     2
       Conjure Flame     |       |     1 |       |    18 |     3 ||    22
       Poisonous Vapours |       |     6 |    16 |    52 |     7 ||    81
       Stone Arrow       |       |       |     4 |    12 |     5 ||    21
       Flame Wave        |       |       |     1 |    10 |     6 ||    17
       Teleport Other    |       |       |     1 |     4 |       ||     5
       Fulminant Prism   |       |       |       |     9 |       ||     9
       Inner Flame       |       |       |       |     1 |       ||     1
  Use: Scroll            |     1 |     8 |     8 |    12 |     3 ||    32
       Potion            |       |       |     4 |     4 |       ||     8
 Stab: Sleeping          |       |     1 |     1 |       |       ||     2
Armor: Robe              |     2 |     4 |     9 |    35 |       ||    50
       Animal skin       |       |    16 |    17 |       |       ||    33
       Troll leather arm |       |       |       |    17 |     4 ||    21
Dodge: Dodged            |    10 |   102 |    69 |   153 |    10 ||   344
